 Dungeon Crawl Stone Soup version 0.32-a0-961-gd60f5e5fc7 (webtiles) character file.

Game seed: 4434219440169605761

109 KennySheep the Ducker (level 4, -1/39 HPs)
             Began as a Deep Elf Wanderer on Apr 18, 2024.
             Was an Initiate of Nemelex Xobeh.
             Slain by an orc
             ... wielding a +0 short sword
              (3 damage)
             ... on level 3 of the Dungeon.
             The game lasted 00:13:23 (2523 turns).

KennySheep the Ducker (Deep Elf Wanderer)           Turns: 2523, Time: 00:13:24

Health: -1/39      AC: 22    Str:  9    XL:     4   Next: 59%
Magic:  0/9        EV:  2    Int: 17    God:    Nemelex Xobeh [......]
Gold:   73         SH:  0    Dex: 16    Spells: 7/7 levels left

rFire   + . .        a - +0 dagger
rCold   . . .        (no shield)
rNeg    . . .        j - melded +1 animal skin "Inubidou" {SInv}
rPois   +            (helmet currently unavailable)
rElec   .            (cloak currently unavailable)
rCorr   .            (gloves currently unavailable)
SInv    .            (boots currently unavailable)
Will    .....        h - amulet of guardian spirit
Stlth   ++           k - ring of protection from fire
HPRegen 0.26/turn    (no ring)
MPRegen 0.11/turn

%: guardian spirit
@: tree-form (expiring)
A: stationary, stasis, torment immunity, boosted hp
a: Renounce Religion, Draw Escape, Draw Destruction, Draw Summoning


You were on level 3 of the Dungeon.
You worshipped Nemelex Xobeh.
Nemelex Xobeh was noncommittal.
You were a tree.
You visited 1 branch of the dungeon, and saw 4 of its levels.

You collected 121 gold pieces.
You spent 48 gold pieces at shops.

Inventory:

Hand Weapons
 a - a +0 dagger (weapon)
Missiles
 b - 3 throwing nets (quivered)
Armour
 j - the +1 animal skin "Inubidou" (melded) {SInv}
   (You acquired it on level 1 of the Dungeon)

   SInv:      It lets you see invisible.
Jewellery
 h - an amulet of guardian spirit (around neck)
 k - a ring of protection from fire (left branch)
Scrolls
 c - 4 scrolls of teleportation
 l - 2 scrolls of immolation
 m - 2 scrolls of enchant armour
Potions
 d - 2 potions of attraction
 g - 2 potions of lignification
 o - a potion of enlightenment
 p - 3 potions of resistance


   Skills:
 + Level 2.1 Fighting
 * Level 1.9 Short Blades
 - Level 1.0 Armour
 + Level 5.2 Dodging
 * Level 2.8 Stealth
 * Level 2.2 Spellcasting
 + Level 1.2 Invocations
 - Level 1.1 Shapeshifting


You had 7 spell levels left.
You didn't know any spells.
Your spell library contained the following spells:

 Spells                   Type           Power      Damage    Failure   Level
 Static Discharge         Conj/Air       2%         3-4/arc   28%         2
 Airstrike                Air            0%         2d(1-17)  88%         4
 Summon Lightning Spire   Summ/Air       1%         N/A       88%         4


Dungeon Overview and Level Annotations

Branches:
Dungeon (4/15)
 Temple: D:4-7

Altars:
Nemelex Xobeh

Shops:
D:1 *


Message History

Okay, then.
As you read the scroll labelled WUUNTA USCHOTI, it crumbles to dust.
You feel aware of your surroundings.
It was a scroll of revelation.
The orc hits you but does no damage. The hound bites you but does no damage.
You barely miss the hound.
The hound is moderately wounded.
The hound bites you but does no damage. The orc hits you but does no damage.
You hit the dart slug.
You kill the dart slug!
The hound bites you but does no damage. The orc hits you but does no damage.
The hound bites you.
* * * LOW HITPOINT WARNING * * *
You hit the hound but do no damage.
The hound is moderately wounded.
The hound bites you but does no damage. The orc hits you but does no damage.
You hit the hound.
The hound is heavily wounded.
The hound bites you. The orc hits you but does no damage.
The hound bites you but does no damage.
Okay, then.
Okay, then.
You barely miss the hound.
The hound is heavily wounded.
The hound bites you but does no damage. The orc hits you but does no damage.
You miss the hound.
The hound is heavily wounded.
The hound bites you but does no damage. The orc completely misses you.
You hit the hound but do no damage.
The hound is heavily wounded.
Your transformation is almost over.
The hound bites you but does no damage. The hound barely misses you.
The orc hits you but does no damage.
You barely miss the hound.
The hound is heavily wounded.
The hound bites you but does no damage.
You barely miss the hound.
The hound is heavily wounded.
The orc hits you with a +0 short sword.
You die...
Your body disappears without a glow.

#.# #..J.......###.......#.##.
##.# #..........###............
#..###.........>###..>.........
#.##..................##.###...
#.#..#..........###...##.......
#.#..............##...##..####.
#.##...#......#....####...# **
###[##.#......#h#).........######
................♣o...............
.......#......#.#..........###...
.....###..###...#......!...#**,,.
.....###..###..########.#......,,
....###..####..########.#w###...,
...## #.#####..########)#.##....,
...# #.####...#######.......#,.,
...####.##.....######.......##,,,
...#....##.........)........#*,,,


You could see a hound and an orc.

Vanquished Creatures
  An orc wizard (D:3)
  A gnoll (D:3)
  2 adders (D:2)
  A dart slug (D:3)
  An orc (D:3)
  5 endoplasms
  A goblin (D:1)
  A hobgoblin (D:2)
  4 jackals
  6 kobolds
  4 quokkas
  4 ball pythons
  7 bats
  3 frilled lizards
  21 rats
62 creatures vanquished.

Notes
Turn   | Place    | Note
-------+----------+-------------------------------------------
     0 | D:1      | KennySheep the Deep Elf Wanderer began the quest for the
                  | Orb.
     0 | D:1      | KennySheep set off with the following items: a +0 dagger, 3
                  | throwing nets, a scroll of teleportation, a potion of
                  | attraction, a scroll of fear, a +0 leather armour.
     0 | D:1      | Reached XP level 1. HP: 12/12 MP: 3/3
    11 | D:1      | Found Lurroi's Assorted Antiques.
   186 | D:1      | Reached XP level 2. HP: 16/17 MP: 4/4
   379 | D:1      | Identified a scroll of acquirement
   381 | D:1      | Acquired the +1 animal skin "Inubidou" {SInv}
   485 | D:1      | Reached skill level 5 in Dodging
   576 | D:1      | Reached skill level 1 in Short Blades
   762 | D:2      | Reached skill level 1 in Spellcasting
   762 | D:2      | Reached XP level 3. HP: 21/21 MP: 4/6
   869 | D:1      | Bought 2 scrolls labelled FOOCHI BIEW for 48 gold pieces
   897 | D:2      | Found a sparkling altar of Nemelex Xobeh.
  1204 | D:2      | Became a worshipper of Nemelex Xobeh the Trickster
  1273 | D:2      | Found a faded altar of an unknown god.
  2103 | D:3      | Reached XP level 4. HP: 24/26 MP: 8/8
  2175 | D:4      | Noticed a wyvern
  2497 | D:3      | HP: 1/26 [hound (2)]
  2516 | D:3      | HP: 1/39 [hound (3)]
  2523 | D:3      | Slain by an orc

Illustrated notes

Levels and vault maps discovered:
D:1:      grunt_arrival_crossed_arrows, layout_basic, serial_forest,
          infiniplex_forest_straight_2, infiniplex_forest_clump_diagonal,
          infiniplex_forest_clump_C, infiniplex_forest_zigzag_1,
          infiniplex_forest_lined_corner, infiniplex_forest_diagonal,
          infiniplex_forest_end_double, serial_shops, shop
D:2:      layout_basic, basic_altar, basic_ecumenical_altar, minmay_rat_hole
D:3:      layout_rooms, kennysheep_generic_room_15, uniq_robin
D:4:      layout_loops_ring, kennysheep_little_box,
          minmay_temple_entry_stoned_glass

Skill      XL: |  1  2  3  4 |
---------------+-------------+-----
Stealth        | 2 |  2.8
Dodging        | 5 |  5.2
Short Blades   | 1 |  1.9
Spellcasting   | 1 2 |  2.2
Fighting       | 2 |  2.1
Armour         | |  1.0
Invocations    | |  1.2
Shapeshifting  | |  1.1

Action                     |  1- 3 |  4- 6 || total
---------------------------+-------+-------++-------
  Melee: Dagger            |   261 |    64 ||   325
    Use: Scroll            |     7 |     3 ||    10
         Potion            |     2 |     3 ||     5
   Stab: Sleeping          |     8 |       ||     8
         Invisible         |       |     2 ||     2
 Armour: Leather armour    |    45 |       ||    45
         Animal skin       |    87 |    32 ||   119
         Skin              |       |    43 ||    43
  Dodge: Dodged            |   157 |    33 ||   190

Table legend: (Time is in decaauts)
 A = Elapsed time spent in this place.
 B = Non-inter-level travel time spent in this place.
 C = Inter-level travel time spent in this place.
 D = Time resting spent in this place.
 E = Time spent auto-exploring this place.
 F = Levels seen in this place.
 G = Mean time per level.
                   A        B        C        D        E       F      G
               +--------+--------+--------+--------+--------+-----+--------+
         Total |   2488 |   2311 |    177 |    182 |   1235 |   4 |  622.0 |
       Dungeon |   2488 |   2311 |    177 |    182 |   1235 |   4 |  622.0 |
               +--------+--------+--------+--------+--------+-----+--------+

Top non-repeatable levels by time:
     D:2: 1318 daAuts
     D:1: 809 daAuts
     D:3: 358 daAuts
     D:4: 1 daAuts
